[Event "Titled Tuesday Blitz January 17 Late 2023"]
[White "Kuznecovs, Nikita"]
[Black "Kleiman, Jake"]
[WhiteFideId "11604557"]
[BlackFideId "2020041"]
[WhiteElo "2287"]
[BlackElo "2399"]
[Result "0-1"]
[Round "07"]
[TimeControl "180+2"]
[Date "2023.01.17"]
[WhiteClock "0:00:06"]
[BlackClock "0:00:56"]

1. Nf3 d5 2. g3 e6 3. Bg2 Nf6 4. O-O g6 5. d4 Bg7 6. c4 O-O 7. Nc3 Ne4 8. Ne5 Nxc3 9. bxc3 c5 10. cxd5 exd5 11. e3 Nc6 12. Nd3 b6 13. Nf4 Ne7 14. Ba3 Ba6 15. Re1 Rc8 16. Qa4 Bc4 17. Rad1 Qc7 18. h4 Rfd8 19. Bc1 b5 20. Qa3 b4 21. cxb4 cxd4 22. exd4 Nf5 23. Bb2 Nxh4 24. Bh3 Rb8 25. b5 Re8 26. Rxe8+ Rxe8 27. Rc1 Qb8 28. Qc3 Bh6 29. Rd1 Bxf4 30. gxf4 Qxf4 31. Qg3 Qf3 32. Bc1 Qxd1+ 0-1


[Site "https://www.chess.com"]

[Event "Titled Tuesday Blitz January 17 Late 2023"]
[White "Kozin, Yuri"]
[Black "Lymar, Vladislav"]
[WhiteFideId "4129920"]
[BlackFideId "14162180"]
[WhiteElo "2251"]
[BlackElo "2119"]
[Result "0-1"]
[Round "07"]
[TimeControl "180+2"]
[Date "2023.01.17"]
[WhiteClock "0:00:17"]
[BlackClock "0:00:03"]

1. e4 c5 2. Nf3 Nc6 3. d4 cxd4 4. Nxd4 Nf6 5. Nc3 e5 6. Ndb5 d6 7. Bg5 a6 8. Na3 b5 9. Nd5 Be7 10. Bxf6 Bxf6 11. c3 O-O 12. Nc2 Ne7 13. Ncb4 Be6 14. Be2 a5 15. Nxe7+ Qxe7 16. Nd5 Qb7 17. Nxf6+ gxf6 18. Bf3 Rfd8 19. O-O d5 20. exd5 Bxd5 21. Bxd5 Rxd5 22. Qf3 Ra6 23. Rad1 Rad6 24. Rd3 Qc6 25. Qg4+ Kf8 26. Rg3 Rd2 27. Qg8+ Ke7 28. Rg7 Qe8 29. Qxh7 Rd1 30. g3 Rxf1+ 31. Kxf1 Rd2 32. Qe4 Qd7 33. b4 Rxa2 34. bxa5 Qh3+ 35. Ke1 Ra1+ 36. Kd2 Qh6+ 37. Qe3 Qxg7 38. Qc5+ Ke6 39. Qc8+ Kd5 40. Qd7+ Ke4 41. Qc6+ Kf5 42. Qxb5 Qh6+ 43. Ke2 Qc1 44. Qd3+ Kg5 45. Kf3 Qd1+ 46. Qxd1 Rxd1 0-1


[Site "https://www.chess.com"]

[Event "Titled Tuesday Blitz January 17 Late 2023"]
[White "Chor, Kevin"]
[Black "Kaplan, Avi Harrison"]
[WhiteFideId "2090740"]
[BlackFideId "30934559"]
[WhiteElo "1944"]
[BlackElo "2146"]
[Result "1-0"]
[Round "07"]
[TimeControl "180+2"]
[Date "2023.01.17"]
[WhiteClock "0:00:15"]
[BlackClock "0:00:04"]

1. e4 c5 2. Nf3 d6 3. d4 cxd4 4. Nxd4 Nf6 5. Nc3 a6 6. Be2 e5 7. Nb3 Be7 8. O-O O-O 9. Be3 b5 10. Nd5 Nbd7 11. Qd3 Nxd5 12. exd5 f5 13. f3 Nf6 14. Qd2 Bb7 15. c4 bxc4 16. Bxc4 Rc8 17. Na5 Rxc4 18. Nxc4 Nxd5 19. Rad1 Qc7 20. Rc1 Qd7 21. Rfd1 Qb5 22. Bf2 h6 23. Ne3 Bg5 24. Qd3 Qxd3 25. Rxd3 e4 26. Rb3 Nxe3 27. Rxb7 Nd5 28. Rd1 Nf6 29. h4 Bf4 30. g3 e3 31. Be1 e2 32. Rd3 Bc1 33. Re7 Bxb2 34. Rxe2 Ba3 35. Rxa3 Kh7 36. Rxa6 Rd8 37. Bc3 Nd5 38. Bd4 Nb4 39. Ra7 Kg6 40. Rxg7+ Kh5 41. g4+ fxg4 42. fxg4+ Kxh4 43. Rh2+ Kg3 44. Bf2+ Kf3 45. Rf7+ Ke4 46. Rxh6 Rg8 47. Rh4 Nd3 48. g5+ Ke5 49. Be3 Ke6 50. Rf6+ Ke7 51. Rd4 Ne5 52. Rdxd6 Ng4 53. Rfe6+ Kf7 54. g6+ Kg7 55. Rd7+ Kf8 56. Rf7# 1-0


[Site "https://www.chess.com"]

[Event "Titled Tuesday Blitz January 17 Late 2023"]
[White "Prado Lobo, Jonas"]
[Black "Novikov, Evgenij"]
[WhiteFideId "32050666"]
[BlackFideId "4125380"]
[WhiteElo "2313"]
[BlackElo "2276"]
[Result "1-0"]
[Round "07"]
[TimeControl "180+2"]
[Date "2023.01.17"]
[WhiteClock "0:00:44"]
[BlackClock "0:00:25"]

1. Nf3 d6 2. d4 c6 3. g3 Nd7 4. Bg2 h6 5. O-O Qa5 6. e4 Ngf6 7. Nc3 e5 8. a3 Be7 9. b4 Qc7 10. Bb2 O-O 11. Re1 exd4 12. Nxd4 Ne5 13. Qe2 a6 14. f4 Bg4 15. Qf1 Qb6 16. Na4 Qa7 17. h3 Bd7 18. fxe5 dxe5 19. Nc5 Bxc5 20. bxc5 Qxc5 21. Qf2 exd4 22. Bxd4 Qe7 23. Bc5 Qe5 24. Bxf8 Rxf8 25. Rad1 Be6 26. Kh2 h5 27. Qd4 Qc7 28. Qd6 Qa5 29. Qb4 Qc7 30. e5 Nd5 31. Qd6 Qa5 32. c4 Nc3 33. Rc1 Rd8 34. Qb4 Qxb4 35. axb4 Na2 36. Rcd1 Rxd1 37. Rxd1 Bxc4 38. Rd8+ Kh7 39. Rd7 b6 40. Bxc6 Nxb4 41. Be4+ g6 42. Rd4 b5 43. Rd7 Kg8 44. Ra7 Kf8 45. Bb7 Ke7 46. Bxa6+ Ke6 47. Bc8+ Kxe5 48. Re7+ Kf6 49. Rb7 Nd5 50. Bd7 Nc3 51. Rc7 Ke5 52. Be8 Kf6 53. Bxb5 Nxb5 54. Rxc4 Nd6 55. Rc6 Ke5 56. Ra6 Ne4 57. Ra7 f6 58. Kg2 g5 59. Ra5+ Ke6 60. Kf3 Nd2+ 61. Kf2 Ne4+ 62. Ke3 Nd6 63. Ra6 Ke5 64. Ra8 Ke6 65. Rh8 Nf5+ 66. Kf2 Ng7 67. Rh7 Kf7 68. Rh8 Kg6 69. Ra8 Nf5 70. Kf3 g4+ 71. hxg4 hxg4+ 72. Kxg4 Ne3+ 73. Kf4 Nd5+ 74. Kf3 Ne7 75. Ra7 Nf5 76. Kf4 Nd4 77. Ra6 Nf5 78. g4 Nd4 79. g5 Kg7 80. Rxf6 Nb5 81. Rb6 Nd4 82. Ke5 Nf3+ 83. Kf4 Nd4 84. Kg4 Ne2 85. Rb7+ Kg6 86. Rb6+ Kg7 87. Re6 Nd4 88. Re4 Nc6 89. Kf5 Nd8 90. Re7+ Kf8 91. Kf6 Nc6 92. Rc7 Nd8 93. Rc8 Ke8 94. g6 Kd7 95. Rxd8+ Kxd8 96. g7 Kd7 97. g8=Q Kc6 98. Qg7 Kb6 99. Qg6 Ka6 100. Qg5 Kb6 101. Qg4 Kc6 102. Qg3 Kd5 103. Qg2+ Kd4 104. Qg1+ Kd3 105. Qh1 Ke2 106. Qh2+ Kf3 107. Qh3+ Kf4 108. Qh4+ Kf3 109. Qh5+ Kf2 110. Qh6 Kf3 111. Qh7 Kf2 112. Qh8 Kf3 113. Qg8 Kf2 114. Qf8 Kf3 115. Qe7 Kf2 116. Qe6 Kf3 117. Qe5 Kf2 118. Kf5 Kf3 119. Qe4+ Kf2 120. Kf4 Kg1 121. Qc2 Kf1 122. Ke4 Kg1 123. Kd4 Kh1 124. Kc4 Kg1 125. Kb4 Kf1 126. Ka4 Kg1 127. Ka3 Kh1 128. Kb3 Kg1 129. Kc3 Kf1 130. Kd3 Kg1 131. Ke3 Kh1 132. Qd2 Kg1 133. Qe2 Kh1 134. Kf3 Kg1 135. Qg2# 1-0


[Site "https://www.chess.com"]

[Event "Titled Tuesday Blitz January 17 Late 2023"]
[White "Donskov, Anatoly"]
[Black "Olafsson, Helgi"]
[WhiteFideId "24143413"]
[BlackFideId "2300010"]
[WhiteElo "2279"]
[BlackElo "2491"]
[Result "0-1"]
[Round "07"]
[TimeControl "180+2"]
[Date "2023.01.17"]
[WhiteClock "0:00:06"]
[BlackClock "0:01:33"]

1. e4 c5 2. Nf3 e6 3. d4 cxd4 4. Nxd4 a6 5. c4 Nf6 6. Nc3 Bb4 7. Nc2 Bxc3+ 8. bxc3 Qa5 9. Qd3 Nc6 10. f4 d5 11. cxd5 exd5 12. exd5 Nxd5 13. Bd2 O-O 14. Be2 Re8 15. O-O Bf5 16. Qxf5 Rxe2 17. Qd3 Rae8 18. Rae1 Rxe1 19. Rxe1 Rxe1+ 20. Bxe1 Qxa2 21. c4 Nxf4 22. Qe4 Ne6 23. Bc3 Qb1+ 24. Kf2 h6 25. h3 Nc5 26. Qe2 Ne6 27. g4 Qb3 28. Qd2 Ng5 29. Ke3 Qb6+ 30. Kf4 Nxh3+ 31. Kg3 Ng5 32. Ne3 Ne4+ 0-1


[Site "https://www.chess.com"]

[Event "Titled Tuesday Blitz January 17 Late 2023"]
[White "Lopez Gracia, Fernando"]
[Black "Rodrigues, Tiago Pereira"]
[WhiteFideId "2207184"]
[BlackFideId "2101203"]
[WhiteElo "2255"]
[BlackElo "2155"]
[Result "1-0"]
[Round "07"]
[TimeControl "180+2"]
[Date "2023.01.17"]
[WhiteClock "0:00:13"]
[BlackClock "0:00:20"]

1. c4 c6 2. d4 d6 3. Nc3 Nd7 4. e4 e5 5. Nf3 Be7 6. Be2 Ngf6 7. O-O a6 8. Qc2 b5 9. d5 cxd5 10. cxd5 b4 11. Nb1 Nc5 12. Be3 Nfxe4 13. Nbd2 Bf5 14. Bxc5 Nxd2 15. Qxd2 dxc5 16. Nxe5 O-O 17. Nc4 Bd6 18. Bd3 Bc8 19. b3 a5 20. Rfe1 a4 21. Qc2 g6 22. bxa4 Qc7 23. a5 Ra7 24. g3 Bd7 25. a3 Rb8 26. Reb1 Bb5 27. axb4 cxb4 28. Nb6 Qxc2 29. Bxc2 Kg7 30. Bb3 Bc5 31. Nc4 Rba8 32. Rd1 Bxc4 33. Bxc4 Rxa5 34. Rxa5 Rxa5 35. d6 Ra8 36. Rd5 Bb6 37. Rb5 Bd8 38. Rxb4 Kf6 39. Rb7 Ke5 40. Rxf7 Kxd6 41. Rxh7 g5 42. Bd3 Rb8 43. h3 Ke5 44. Kg2 Rb3 45. Be2 Rb2 46. Bf3 Bb6 47. Re7+ Kf6 48. Re2 Rxe2 49. Bxe2 Bc5 50. Kf3 Bb6 51. Bd3 Ba7 52. Kg2 Bb6 53. Be4 Ba7 54. f4 g4 55. hxg4 Bb8 56. Kf3 Bc7 57. g5+ Kg7 58. Kg4 Bd8 59. f5 Be7 60. f6+ Bxf6 61. gxf6+ Kxf6 62. Kh5 1-0


[Site "https://www.chess.com"]

[Event "Titled Tuesday Blitz January 17 Late 2023"]
[White "AidenRchess"]
[Black "Kochetov, Andrey"]
[BlackFideId "24130532"]
[WhiteElo "2443"]
[BlackElo "2165"]
[Result "1-0"]
[Round "07"]
[TimeControl "180+2"]
[Date "2023.01.17"]
[WhiteClock "0:00:11"]
[BlackClock "0:00:05"]

1. e4 d5 2. exd5 Qxd5 3. Nc3 Qa5 4. d4 c6 5. Nf3 Nf6 6. Bc4 Bf5 7. Ne5 e6 8. g4 Be4 9. O-O Bd5 10. g5 Ne4 11. Bxd5 Nxc3 12. Qf3 Nxd5 13. Qxf7+ Kd8 14. Qxe6 Kc7 15. c4 Nb4 16. Nf7 Rg8 17. Bf4+ Kb6 18. a3 Nd5 19. b4 Qa4 20. cxd5 Qb3 21. Ne5 Qxd5 22. Nc4+ Ka6 23. b5+ Kxb5 24. Rab1+ Ka6 25. Qe2 b5 26. Ne5 Bd6 27. a4 Nd7 28. axb5+ cxb5 29. Nxd7 Bxf4 30. Nc5+ Kb6 31. Qxb5+ Kc7 32. Qa5+ Kd6 33. Qa6+ Qc6 34. Qc4 Bxg5 35. Qe6+ Kc7 36. Rb7+ Qxb7 37. Qd7+ Kb6 38. Qxb7+ Ka5 39. Ra1# 1-0


[Site "https://www.chess.com"]

[Event "Titled Tuesday Blitz January 17 Late 2023"]
[White "Belenkaya, Dina"]
[Black "Hirneise, Jens"]
[WhiteFideId "24142654"]
[BlackFideId "24614734"]
[WhiteElo "2267"]
[BlackElo "2277"]
[Result "0-1"]
[Round "07"]
[TimeControl "180+2"]
[Date "2023.01.17"]
[WhiteClock "0:00:48"]
[BlackClock "0:00:25"]

1. e4 c5 2. Nc3 d6 3. Nf3 Bd7 4. g3 Nc6 5. Bg2 Nf6 6. O-O e6 7. Re1 e5 8. Nd5 Be7 9. d3 O-O 10. c3 Be6 11. Nd2 Bxd5 12. exd5 Nb8 13. a4 Nbd7 14. Nc4 Nb6 15. Ne3 Re8 16. a5 Nbd7 17. Nf5 Bf8 18. Bg5 g6 19. Nh6+ Kg7 20. h4 Qc7 21. g4 Ng8 22. Qd2 Nxh6 23. Bxh6+ Kg8 24. h5 Bxh6 25. Qxh6 Qd8 26. g5 Qe7 27. hxg6 fxg6 28. Bh3 Nf8 29. Re4 Qg7 30. Qh4 Re7 31. Rae1 Rf7 32. f4 exf4 33. Rxf4 b6 34. Be6 Nxe6 35. dxe6 Rxf4 36. Qxf4 Qe7 37. Qf6 Re8 38. Kf2 Rf8 39. Kg1 Rxf6 40. gxf6 Qxf6 41. e7 Qg5+ 42. Kf1 Qf5+ 43. Kg2 Qg4+ 44. Kf2 Qh4+ 45. Kf1 Qxe1+ 46. Kxe1 Kf7 47. b4 cxb4 48. cxb4 bxa5 49. bxa5 Kxe7 50. Kd2 h5 51. Ke3 h4 52. Kf4 g5+ 53. Kg4 Ke6 54. d4 Kd5 55. a6 Kxd4 0-1


[Site "https://www.chess.com"]

[Event "Titled Tuesday Blitz January 17 Late 2023"]
[White "Bambino Filho, Antonio Carlos"]
[Black "Janaszak, Dawid"]
[WhiteFideId "2113163"]
[BlackFideId "1119206"]
[WhiteElo "2144"]
[BlackElo "2316"]
[Result "1/2-1/2"]
[Round "07"]
[TimeControl "180+2"]
[Date "2023.01.17"]
[WhiteClock "0:00:45"]
[BlackClock "0:00:30"]

1. e4 c5 2. Nf3 g6 3. d4 cxd4 4. Nxd4 Bg7 5. Nc3 Nc6 6. Nb3 Nf6 7. Be2 O-O 8. f4 d6 9. O-O b6 10. a4 Bb7 11. Be3 Nd7 12. Qd2 Nc5 13. Bf3 Rc8 14. Rad1 Nxb3 15. cxb3 Na5 16. Qc2 Qc7 17. Bd4 Bxd4+ 18. Rxd4 Qc5 19. Rd1 e5 20. b4 Qxd4+ 21. Rxd4 exd4 22. bxa5 dxc3 23. bxc3 bxa5 24. Qd3 Rfe8 25. h3 Bc6 26. Qxd6 Bxe4 27. Bxe4 Rxe4 28. Qa6 Rxc3 29. Qxa5 Rcc4 30. Qxa7 Rxf4 31. a5 Ra4 32. a6 Rfb4 33. Qc7 Rb1+ 34. Kh2 Rba1 35. Qc8+ Kg7 36. Qc3+ f6 37. Qc7+ Kh6 38. Qd8 Rxa6 39. Qf8+ Kg5 40. Qc5+ Kh6 41. Qf8+ Kg5 42. Qc5+ Kh6 43. Qf8+ 1/2-1/2


[Site "https://www.chess.com"]

[Event "Titled Tuesday Blitz January 17 Late 2023"]
[White "Rego, Pedro Filipe"]
[Black "Fernandez Garcia, Gumersindo"]
[WhiteFideId "1904310"]
[BlackFideId "24516740"]
[WhiteElo "2312"]
[BlackElo "2160"]
[Result "0-1"]
[Round "07"]
[TimeControl "180+2"]
[Date "2023.01.17"]
[WhiteClock "0:00:02"]
[BlackClock "0:00:17"]

1. c4 Nf6 2. g3 e5 3. Bg2 c6 4. Nf3 e4 5. Nd4 d5 6. d3 dxc4 7. dxe4 Bb4+ 8. Nc3 c5 9. Nb5 Qxd1+ 10. Kxd1 Na6 11. Nd6+ Ke7 12. e5 Ng4 13. Nd5+ Kf8 14. Be3 Nxe5 15. a3 Ba5 16. f4 Ng4 17. Bg1 Rb8 18. Nxc4 Bd8 19. Kc2 Nc7 20. Bxc5+ Kg8 21. Bxa7 Ra8 22. Bd4 Be6 23. Nxc7 Bxc7 24. Bxb7 Rd8 25. Kc3 f6 26. Rad1 Kf7 27. Bf3 Rc8 28. b3 h5 29. h3 Nh6 30. Bxh5+ g6 31. Bf3 Nf5 32. Bf2 Ba5+ 33. Kb2 Bc7 34. g4 Ne7 35. Nd6+ Bxd6 36. Rxd6 Rb8 37. b4 Rhc8 38. Rc1 Rh8 39. Bg2 f5 40. Rc7 fxg4 41. hxg4 Rh2 42. Bc5 Rxg2 43. Rd3 Rxe2+ 44. Kc3 Re8 45. b5 Kf6 46. g5+ Kf7 47. b6 Bf5 48. Rd6 Kg8 49. b7 Rc2+ 50. Kb4 Rb2+ 51. Kc3 Rb1 52. a4 Rb8 0-1


[Site "https://www.chess.com"]

[Event "Titled Tuesday Blitz January 17 Late 2023"]
[White "Figorito, Nick"]
[Black "Karttunen, Mika"]
[WhiteFideId "30923689"]
[BlackFideId "502081"]
[WhiteElo "2036"]
[BlackElo "2490"]
[Result "0-1"]
[Round "07"]
[TimeControl "180+2"]
[Date "2023.01.17"]
[WhiteClock "0:00:01"]
[BlackClock "0:00:19"]

1. Nf3 d5 2. g3 Nf6 3. Bg2 e6 4. O-O Be7 5. d4 O-O 6. c4 dxc4 7. Qc2 a6 8. Qxc4 b5 9. Qc2 Bb7 10. Nc3 b4 11. Na4 Be4 12. Qd1 Qd5 13. a3 a5 14. Bf4 Na6 15. Rc1 Rfc8 16. Nc5 Nxc5 17. dxc5 Qb7 18. Be5 Rd8 19. Qb3 Bd5 20. Qe3 Ng4 21. Qf4 Nxe5 22. Qxe5 Bf6 23. Qh5 g6 24. Qh6 Bg7 25. Qf4 Bxb2 26. Ng5 Rf8 27. axb4 a4 28. Bxd5 Qxd5 29. Rb1 a3 30. Ne4 f5 31. Ng5 Be5 32. Qh4 h5 33. Nf3 Bf6 34. Qf4 a2 35. Ra1 Rf7 36. Ng5 Rd7 37. e4 Qe5 38. Qe3 Qxa1 39. Rxa1 Bxa1 40. Nxe6 Bf6 41. Qh6 a1=Q+ 42. Kg2 Bg7 43. Qxg6 Qf6 44. Qxh5 Qxe6 45. exf5 Qe4+ 0-1


[Site "https://www.chess.com"]

[Event "Titled Tuesday Blitz January 17 Late 2023"]
[White "Odegov, Artem"]
[Black "Vasques, Antonio Pedro Freixial"]
[WhiteFideId "34183644"]
[BlackFideId "1908332"]
[WhiteElo "2261"]
[BlackElo "2214"]
[Result "1-0"]
[Round "07"]
[TimeControl "180+2"]
[Date "2023.01.17"]
[WhiteClock "0:01:14"]
[BlackClock "0:00:13"]

1. d4 Nf6 2. c4 e6 3. Nc3 Bb4 4. Nf3 d5 5. Qa4+ Nc6 6. a3 Be7 7. e3 O-O 8. Qc2 a6 9. b3 dxc4 10. bxc4 b6 11. Bd3 Bb7 12. O-O Bd6 13. Bb2 e5 14. Ne4 exd4 15. exd4 Nxe4 16. Bxe4 h6 17. c5 bxc5 18. dxc5 Be7 19. Rad1 Qb8 20. Rfe1 Re8 21. Rd7 Bc8 22. Bxc6 Bxd7 23. Bxd7 Qa7 1-0


[Site "https://www.chess.com"]

[Event "Titled Tuesday Blitz January 17 Late 2023"]
[White "Defend, Balint"]
[Black "Kostiukov, Alexandr"]
[WhiteFideId "17004853"]
[BlackFideId "14108100"]
[WhiteElo "1673"]
[BlackElo "2271"]
[Result "0-1"]
[Round "07"]
[TimeControl "180+2"]
[Date "2023.01.17"]
[WhiteClock "0:01:33"]
[BlackClock "0:01:39"]

1. e4 c5 2. Nf3 g6 3. c3 Bg7 4. d4 cxd4 5. cxd4 d5 6. e5 Bg4 7. Bb5+ Nc6 8. Nc3 Nh6 9. a4 Nf5 10. O-O O-O 11. Be3 e6 12. Bxc6 bxc6 13. a5 c5 14. Ne2 Bxf3 15. gxf3 c4 16. f4 Bh6 17. b3 cxb3 18. Qxb3 Qh4 19. Qd3 Qg4+ 20. Kh1 Qf3+ 21. Kg1 Nh4 22. f5 Qg2# 0-1


[Site "https://www.chess.com"]

[Event "Titled Tuesday Blitz January 17 Late 2023"]
[White "Degtiarev, Evgeny"]
[Black "Golubev, Mikhail"]
[WhiteFideId "4149610"]
[BlackFideId "14100983"]
[WhiteElo "2385"]
[BlackElo "2461"]
[Result "1/2-1/2"]
[Round "07"]
[TimeControl "180+2"]
[Date "2023.01.17"]
[WhiteClock "0:00:04"]
[BlackClock "0:00:03"]

1. d4 Nf6 2. c4 g6 3. Nc3 Bg7 4. e4 d6 5. h3 O-O 6. Nf3 Na6 7. Be2 e5 8. d5 Nh5 9. Be3 Qe8 10. g4 Nf4 11. Bf1 f5 12. gxf5 gxf5 13. Nd2 Nc5 14. Bxc5 dxc5 15. exf5 e4 16. Ncxe4 Bxf5 17. f3 Qh5 18. Qb3 Qh4+ 19. Kd1 Rae8 20. Kc2 Bxe4+ 21. fxe4 Qf2 22. Bd3 Ng2 23. Rag1 Kh8 24. Kc1 Bh6 25. Qc3+ Bg7 26. Qb3 Re7 27. Rf1 Bh6 28. Rxf2 Rxf2 29. Qc3+ Rg7 30. Rg1 Bxd2+ 31. Qxd2 Rxd2 32. Kxd2 Nf4 33. Rxg7 Kxg7 34. e5 Nxh3 35. Ke3 Ng5 36. Kf4 Nf7 37. Bf5 h6 38. Bc8 b6 39. Kf5 Kf8 40. Be6 Nd8 41. Bd7 Ke7 42. Ba4 Nf7 43. Bd1 Ng5 44. Bg4 a6 45. Kg6 Nf7 46. Kf5 b5 47. b3 b4 48. Bh5 Ng5 49. Bg4 Nf7 50. Bh5 Ng5 51. Bg4 Nf7 1/2-1/2


[Site "https://www.chess.com"]

[Event "Titled Tuesday Blitz January 17 Late 2023"]
[White "Rios Escobar, Adan"]
[Black "Przybylski, Wojciech"]
[WhiteFideId "3403645"]
[BlackFideId "1117599"]
[WhiteElo "2234"]
[BlackElo "2321"]
[Result "0-1"]
[Round "07"]
[TimeControl "180+2"]
[Date "2023.01.17"]
[WhiteClock "0:00:24"]
[BlackClock "0:00:45"]

1. d4 d5 2. g3 h5 3. Nf3 Bg4 4. Ne5 Be6 5. h3 h4 6. g4 Nd7 7. Nd3 Ndf6 8. Bg2 c6 9. Nd2 Qc7 10. Nf3 Ne4 11. Nfe5 Ngf6 12. g5 Nh5 13. Bxe4 dxe4 14. Nc5 Bf5 15. g6 f6 16. Nf7 Rg8 17. Ne6 Bxe6 18. e3 Ng3 19. Rg1 Nf5 20. Qh5 Qh2 21. Rg4 Qxh3 22. Rxe4 Qh1+ 23. Ke2 Qxe4 24. f3 Ng3+ 25. Ke1 Qxc2 26. Bd2 Nxh5 27. Rc1 Qxc1+ 28. Bxc1 Bxf7 29. gxf7+ Kxf7 30. e4 g5 31. a4 Bg7 32. a5 Bh8 33. a6 bxa6 34. b4 Bg7 35. b5 cxb5 36. d5 Bh6 37. Ba3 Bf8 38. Kf2 Kg7 39. Ke3 Kg6 40. Kd4 h3 41. Kc5 e6+ 42. Kc6 Bxa3 43. Kd7 Rg7+ 44. Kc6 Rc8# 0-1


[Site "https://www.chess.com"]

[Event "Titled Tuesday Blitz January 17 Late 2023"]
[White "Jorajuria Mendoza, Algol"]
[Black "Petukhov, Dmitry"]
[WhiteFideId "5128897"]
[BlackFideId "4142748"]
[WhiteElo "2069"]
[BlackElo "2350"]
[Result "1/2-1/2"]
[Round "07"]
[TimeControl "180+2"]
[Date "2023.01.17"]
[WhiteClock "0:00:02"]
[BlackClock "0:00:11"]

1. e4 c5 2. Nf3 d6 3. g3 Nc6 4. Bg2 h5 5. h3 e5 6. c3 Be7 7. Na3 Nf6 8. Qe2 a6 9. Nc2 b5 10. d4 cxd4 11. cxd4 Bb7 12. d5 Nb8 13. O-O Nbd7 14. Bg5 Nxd5 15. exd5 Bxg5 16. Nxg5 Qxg5 17. f4 Qxg3 18. Rad1 O-O 19. Qxh5 Rac8 20. Ne1 Qe3+ 21. Kh1 exf4 22. Nf3 Nf6 23. Qg5 Rc2 24. Nd4 Rxg2 25. Kxg2 Bxd5+ 26. Kh2 Qg3+ 27. Qxg3 fxg3+ 28. Kxg3 Re8 29. Nf5 Bxa2 30. Rxd6 Bc4 31. Nxg7 Bxf1 32. Nxe8 Nxe8 33. Rxa6 Kf8 34. Rb6 Ng7 35. Kf4 Ne6+ 36. Ke5 Kg7 37. h4 Bc4 38. Rb8 Nc5 39. Kd4 Ne6+ 40. Ke5 Nc5 41. Kd4 Na4 42. b3 Bxb3 43. Rxb5 Bd1 44. Ke5 Nc3 45. Rb8 Bh5 46. Kf4 Bg6 47. Rb7 Nd5+ 48. Kg5 Nf6 49. Rb6 Ne4+ 50. Kf4 Nf6 51. Kg5 Nh7+ 52. Kf4 Kh6 53. Kg4 f5+ 54. Kf4 Kh5 55. Ra6 Nf8 56. Rf6 Nd7 57. Rd6 Nc5 58. Rc6 Ne4 59. Rc8 Nd6 60. Rh8+ Bh7 61. Rxh7+ Kg6 62. Ra7 Nc4 63. Ra6+ Kh5 64. Ra4 Nd6 65. Ke5 Nf7+ 66. Kxf5 Nh6+ 67. Kf6 Ng4+ 68. Kf5 Nh6+ 69. Kf6 Ng4+ 70. Kf5 Nh6+ 1/2-1/2


[Site "https://www.chess.com"]

[Event "Titled Tuesday Blitz January 17 Late 2023"]
[White "Van Dael, Siem"]
[Black "TheKnightOfBosnia"]
[WhiteFideId "1049771"]
[WhiteElo "2319"]
[BlackElo "2530"]
[Result "0-1"]
[Round "07"]
[TimeControl "180+2"]
[Date "2023.01.17"]
[WhiteClock "0:00:02"]
[BlackClock "0:00:32"]

1. e4 e5 2. Nf3 Nc6 3. Bc4 Nf6 4. d3 Bc5 5. Nc3 d6 6. Bg5 h6 7. Bxf6 Qxf6 8. Nd5 Qd8 9. c3 a6 10. O-O Ne7 11. d4 exd4 12. cxd4 Ba7 13. Nxe7 Qxe7 14. Re1 Be6 15. Bd5 c6 16. Bb3 Bg4 17. e5 d5 18. Re3 O-O 19. Bc2 Bxf3 20. Rxf3 g6 21. Qd2 Kg7 22. Re1 Qg5 23. Qd3 Rae8 24. Rg3 Qh5 25. e6 f5 26. Qe3 Rf6 27. Rh3 Qg5 28. f4 Qg4 29. Rg3 Rfxe6 30. Qxe6 Rxe6 31. Rxe6 Bxd4+ 32. Kh1 Qxf4 33. Rgxg6+ Kf7 34. h3 Qc1+ 35. Kh2 Qg1+ 36. Kg3 Qf2+ 37. Kh2 Be5+ 38. Rxe5 Kxg6 0-1


[Site "https://www.chess.com"]

[Event "Titled Tuesday Blitz January 17 Late 2023"]
[White "Martinez Reyes, Pedro Ramon"]
[Black "Jenkins, Drake"]
[WhiteFideId "3901807"]
[BlackFideId "2022397"]
[WhiteElo "2376"]
[BlackElo "2130"]
[Result "1-0"]
[Round "07"]
[TimeControl "180+2"]
[Date "2023.01.17"]
[WhiteClock "0:01:14"]
[BlackClock "0:00:02"]

1. e4 c5 2. Nf3 g6 3. d4 cxd4 4. Qxd4 Nf6 5. Bb5 a6 6. e5 axb5 7. exf6 Nc6 8. Qd3 exf6 9. O-O d5 10. Re1+ Be6 11. Qxb5 Qd7 12. Nc3 Bg7 13. Be3 O-O 14. Rad1 f5 15. Nd4 Rfd8 16. a3 Rac8 17. Qb6 Ne5 18. Qb5 Nc4 19. Qxd7 Rxd7 20. Bc1 Bxd4 21. Rxd4 Nxa3 22. Re2 Nc4 23. f3 Rc6 24. Kf2 f6 25. Nd1 Kf7 26. c3 Nd6 27. Be3 Nb5 28. Rdd2 Ra6 29. Bd4 Nd6 30. Ne3 Nc4 31. Nxc4 dxc4 32. Re1 Rdd6 33. h4 h5 34. Rde2 Rac6 35. Ra1 Ra6 36. Rae1 Rac6 37. Kg3 Ra6 38. Kf4 Ra2 39. Rd2 b5 40. Ree2 Raa6 41. Bc5 Rxd2 42. Rxd2 Ra2 43. Bb4 1-0


[Site "https://www.chess.com"]

[Event "Titled Tuesday Blitz January 17 Late 2023"]
[White "Perez Perez, Gabriel"]
[Black "Wang, Alexander J"]
[WhiteFideId "32089147"]
[BlackFideId "30955270"]
[WhiteElo "2185"]
[BlackElo "1815"]
[Result "1-0"]
[Round "07"]
[TimeControl "180+2"]
[Date "2023.01.17"]
[WhiteClock "0:01:10"]
[BlackClock "0:00:31"]

1. b3 d5 2. Bb2 c5 3. e3 Nc6 4. Nf3 e6 5. Bb5 Bd7 6. a4 Nf6 7. O-O a6 8. Bxc6 Bxc6 9. Ne5 Bd7 10. f4 Be7 11. d3 Qc7 12. Nd2 Bc6 13. Ndf3 O-O 14. g4 Nd7 15. Kh1 f6 16. Nxc6 Qxc6 17. Qe2 b5 18. Qg2 c4 19. Nd4 Qb6 20. dxc4 bxc4 21. f5 exf5 22. Qxd5+ Kh8 23. Qxd7 cxb3 24. Qxe7 bxc2 25. Nxf5 Rg8 26. Bd4 Qc6+ 27. Kg1 Rac8 28. Rac1 Qxa4 29. Nh6 Rge8 30. Qf7 Qc4 31. Rxc2 Qxf7 32. Nxf7+ Kg8 33. Rxc8 Rxc8 34. Nd6 1-0


[Site "https://www.chess.com"]

[Event "Titled Tuesday Blitz January 17 Late 2023"]
[White "Strahov, Andrej"]
[Black "Medeiros,Thauane Ferreira"]
[WhiteFideId "4165489"]
[BlackFideId "2134470"]
[WhiteElo "2398"]
[BlackElo "1854"]
[Result "0-1"]
[Round "07"]
[TimeControl "180+2"]
[Date "2023.01.17"]
[WhiteClock "0:00:02"]
[BlackClock "0:00:53"]

1. e4 e5 2. Nf3 Nc6 3. Bc4 Nf6 4. d3 Bc5 5. c3 d6 6. Nbd2 a6 7. a4 h6 8. Bb3 O-O 9. h3 Be6 10. Bc2 Ba7 11. O-O d5 12. exd5 Nxd5 13. Re1 f6 14. d4 Qd7 15. dxe5 Nxe5 16. Nxe5 fxe5 17. Ne4 Rad8 18. Qh5 Bf5 19. Be3 Nxe3 20. fxe3 Qc6 21. Bb3+ Kh8 22. Ng5 Rd2 23. Nf3 Rxb2 24. Bf7 Qf6 25. Bd5 c6 26. Bc4 Bg6 27. Qg4 Bf5 28. Qg3 e4 29. Ne5 Bb8 30. Nf7+ Kh7 31. Ng5+ 0-1


[Site "https://www.chess.com"]

[Event "Titled Tuesday Blitz January 17 Late 2023"]
[White "Cardoso Cardoso, Jose Gabriel"]
[Black "Garcia Almaguer, Juan Manuel"]
[WhiteFideId "4430492"]
[BlackFideId "5110491"]
[WhiteElo "2492"]
[BlackElo "2090"]
[Result "1-0"]
[Round "07"]
[TimeControl "180+2"]
[Date "2023.01.17"]
[WhiteClock "0:00:45"]
[BlackClock "0:00:38"]

1. Nf3 Nf6 2. b3 g6 3. Bb2 Bg7 4. g3 Nh5 5. d4 c5 6. e3 d5 7. Bg2 Nc6 8. O-O O-O 9. c3 b6 10. Nbd2 Ba6 11. Re1 Rc8 12. Rc1 Re8 13. Ba3 e6 14. dxc5 Bf8 15. e4 bxc5 16. exd5 exd5 17. Nf1 Qa5 18. Bb2 Rxe1 19. Nxe1 Nf6 20. Ne3 Qxa2 21. Qc2 d4 22. Ra1 d3 23. Rxa2 dxc2 24. Rxa6 Nb8 25. Rxf6 c4 26. Nxc4 Bg7 27. Rf3 1-0


[Site "https://www.chess.com"]

[Event "Titled Tuesday Blitz January 17 Late 2023"]
[White "Mirzoev, Azer"]
[Black "Gatterer, Florian"]
[WhiteFideId "13400304"]
[BlackFideId "811688"]
[WhiteElo "2416"]
[BlackElo "2170"]
[Result "1-0"]
[Round "07"]
[TimeControl "180+2"]
[Date "2023.01.17"]
[WhiteClock "0:00:57"]
[BlackClock "0:00:02"]

1. c4 e6 2. e4 d5 3. cxd5 exd5 4. exd5 Nf6 5. Qa4+ Nbd7 6. Nc3 Bd6 7. d4 O-O 8. Bg5 h6 9. Bh4 g5 10. Bg3 Nb6 11. Qb3 Nbxd5 12. Bc4 Be6 13. Nge2 Nxc3 14. bxc3 Bxc4 15. Qxc4 Re8 16. O-O Ne4 17. Qd3 Nxg3 18. Nxg3 Bxg3 19. fxg3 Re6 20. Rf2 Qe7 21. Raf1 Rf8 22. Qf3 c6 23. Qh5 Kg7 24. h4 Rg6 25. Kh2 gxh4 26. gxh4 Qd6+ 27. Rf4 Qd5 28. Qe2 Qd6 29. g3 Qe6 30. Qf2 f6 31. Re1 Qd7 32. Rfe4 Rf7 33. Qf4 Qd5 34. R1e2 a5 35. Re8 Qc4 36. Qb8 Kh7 37. Rh8+ 1-0


[Site "https://www.chess.com"]